 Dungeon Crawl Stone Soup version 0.21.1-1-g345015f (webtiles) character file.

51 theblackcape the Scratcher (level 3, 0/15 HPs)
             Began as a Felid Transmuter on June 11, 2018.
             Succumbed to an adder's poison
             ... on level 2 of the Dungeon.
             The game lasted 00:04:54 (1977 turns).

theblackcape the Scratcher (Felid Transmuter)       Turns: 1977, Time: 00:04:54

Health: 0/15       AC:  1    Str: 11    XL:     3   Next: 58%
Magic:  1/7        EV: 18    Int: 15    God:
Gold:   127        SH:  0    Dex: 16    Spells: 0/6 levels left
                                        Lives:  0   Deaths: 0

rFire    . . .     SeeInvis +     - Unarmed
rCold    . . .     Gourm    .   (shield unavailable)
rNeg     . . .     Faith    .   (armour unavailable)
rPois    .         Spirit   .   (helmet unavailable)
rElec    .         Reflect  .   (cloak unavailable)
rCorr    .         Harm     .   (gloves unavailable)
MR       .....                  (boots unavailable)
Stlth    ++........             (no amulet)
HPRegen  0.05/turn              (no ring)
MPRegen  0.10/turn              (no ring)

@: mighty, lethally poisoned (0 -> -12), appendage (expiring), quick
A: very small, no armour, no weapons or thrown items, stealth, claws 1, fangs 3,
horns 2, see invisible, carnivore, speed 1, shaggy fur 1, slow metabolism 1,
sharp paws
a: End Transformation


You were on level 2 of the Dungeon.
You were completely stuffed.
You had grown temporary horns.
You visited 1 branch of the dungeon, and saw 3 of its levels.

You collected 127 gold pieces.

Inventory:

Missiles
 a - 9 arrows
Jewellery
 d - an uncursed ring of ice {unknown}
 n - an uncursed amulet of guardian spirit {unknown}
Scrolls
 e - 2 scrolls of blinking {unknown}
 f - 3 scrolls of teleportation {unknown}
 g - 2 scrolls of remove curse {unknown}
 h - 2 scrolls of enchant weapon {unknown}
 i - 2 scrolls of amnesia {unknown}
 l - 5 scrolls of identify {unknown}
 m - a scroll of magic mapping {unknown}
 q - 3 scrolls of fear {unknown}
 r - a scroll of immolation {unknown}
 t - a scroll of noise {unknown}
Potions
 j - a potion of curing {unknown}
 k - a potion of mutation {unknown}
 o - a potion of might
 s - a potion of flight {unknown}
Books
 b - a book of Changes

   Spells                             Type                      Level
   a - Beastly Appendage              Transmutation                1
   b - Sticks to Snakes               Transmutation                2
   c - Spider Form                    Transmutation/Poison         3
   d - Ice Form                       Ice/Transmutation            4
   e - Blade Hands                    Transmutation                5
Comestibles
 c - 5 rations
 p - a chunk of flesh


   Skills:
 + Level 1.0 Fighting
 + Level 3.0 Dodging
 - Level 0.4 Stealth
 + Level 3.7 Unarmed Combat
 + Level 2.4 Spellcasting
 + Level 2.7 Transmutations
 * Level 0.3 Poison Magic


You couldn't memorise any spells.
You knew the following spells:

 Your Spells              Type           Power        Failure   Level  Hunger
a - Beastly Appendage     Tmut           #.....       7%          1    #......
b - Sticks to Snakes      Tmut           #.......     11%         2    ###....
c - Spider Form           Tmut/Pois      #.........   34%         3    ###....


Dungeon Overview and Level Annotations

Branches:
Dungeon (3/15)

Altars:
The Shining One


Innate Abilities, Weirdness & Mutations

You cannot wear armour.
You are incapable of wielding weapons or throwing items.
Your paws allow you to move quietly. (Stealth)
You have sharp claws.
You have razor-sharp teeth.
You have supernaturally acute eyesight. (SInv)
You are carnivorous and can eat meat at any time.
You cover ground quickly.
You are covered in fur. (AC +1)
You have a slow metabolism.
Your sharp claws are effective at attacking unaware monsters.
You have a pair of horns on your head.


Message History

You closely miss the adder.
The adder is heavily wounded.
You feel sick. The adder misses you.
You barely miss the adder.
The adder is heavily wounded.
The adder bites you.
* * * LOW HITPOINT WARNING * * *
You are more poisoned.
The adder poisons you!
You barely miss the adder.
You kill the adder!
* * * LOW HITPOINT WARNING * * *
You feel sick.
A giant cockroach comes into view.
* * * LOW HITPOINT WARNING * * *
You feel sick.
The giant cockroach moves out of view.
You see here an adder corpse.
It was a potion of might.
You feel very mighty all of a sudden.
You die...

##...........#####....#......#...
#................#.#..#.## #...##
............#.##.#.#.....####.##.
#.########....##.#.#...#.<....##.
#.# #.#.###.#.##....##..##.. ..#
#[#.##....##.#.#.......# ###
#............#.#......##
###.##....####(#.....#+. #.
##@#.# #.#....##.. #.#.#
#.....##... #.......# #...### ...
######..# ####...##... ....
.......##.. ..... .......##.
..........)...## >..#####.#.....#
...# #.#.# #..


There were no monsters in sight!

Vanquished Creatures
  An adder (D:2)
  An ooze (D:2)
  3 dart slugs (D:1)
  2 leopard geckos
  3 bats (D:1)
  A giant cockroach (D:1)
  4 hobgoblins
  2 quokkas (D:2)
  A frilled lizard (D:1)
  3 goblins
  A jackal zombie (D:2)
  4 kobolds (D:1)
  4 rats
30 creatures vanquished.

Vanquished Creatures (others)
  A kobold (D:1)
1 creature vanquished.

Grand Total: 31 creatures vanquished

Notes
Turn   | Place    | Note
-------+----------+-------------------------------------------
     0 | D:1      | theblackcape the Felid Transmuter began the quest for the Orb.
     0 | D:1      | Reached XP level 1. HP: 9/9 MP: 4/4
   176 | D:1      | Reached XP level 2. HP: 12/12 MP: 4/6
  1275 | D:2      | Reached XP level 3. HP: 10/15 MP: 7/7
  1295 | D:2      | Found a glowing golden altar of the Shining One.
  1335 | D:2      | Learned a level 2 spell: Sticks to Snakes
  1339 | D:2      | Learned a level 3 spell: Spider Form
  1977 | D:2      | Succumbed to an adder's poison

Skill      XL: |  1  2  3 |
---------------+----------+-----
Dodging        | 3 |  3.0
Fighting       | |  1.0
Stealth        | |  0.4
Unarmed Combat | |  3.7
Spellcasting   | |  2.4
Transmutations | |  2.7
Poison Magic   | |  0.3

Action                   || total
-------------------------++-------
Melee: Unarmed           ||    90
       Bite              ||     8
       Headbutt          ||     3
       Punch             ||     1
 Cast: Beastly Appendage ||    19
       Sticks to Snakes  ||     3
  Use: Potion            ||     1
 Stab: Sleeping          ||     5
  Eat: Chunk             ||    10
Armor: Skin              ||     3
Dodge: Dodged            ||    66
